[Event "10th Sharjah Cup Women 2020"]
[Site "Sharjah"]
[Date "2020.01.07"]
[Round "4.18"]
[White "Amal, Fadel S M Alshamsi"]
[Black "Boshra, Alshaeby"]
[Result "0-1"]
[ECO "B35"]
[WhiteElo "1403"]
[BlackElo "1979"]
[Annotator "NA"]
[PlyCount "108"]
[EventDate "2020.01.04"]
[EventType "swiss"]
[EventCountry "UAE"]
[SourceTitle "playchess.com"]
[Source "ChessBase"]
[SourceQuality "1"]
[TimeControl "5400+30"]

1. e4 c5 2. Nf3 g6 3. d4 cxd4 4. Nxd4 Bg7 5. Nc3 Nc6 6. Be3 Nf6 7. Bc4 Qa5 8. O-O O-O 9. Bb3 d6 10. h3 Bd7 11. Re1 Rac8 12. f4 {[%emt 0:09:17] B35: Sicilian: Accelerated Dragon with 5 Nc3: main line} (12. Qd2 Qa6 13. f4 Rfd8 14. Rad1 b5 15. Ndxb5 Nxe4 16. Qd5 Nf6 17. Qxf7+ Kh8 18. Qc4 Qb7 19. Qe2 Rf8 {½-½ (47) Sasikiran,K (2669)-Matlakov,M (2714) Khanty-Mansiysk 2017}) 12... Rfe8 13. g4 $146 ({Predecessor:} 13. Nf3 $14 Qh5 14. Ng5 Rf8 15. Qxh5 Nxh5 16. g4 Bxc3 17. bxc3 Nf6 18. Bf2 h6 19. Nxf7 Rxf7 {1-0 (45) Pikula,D (2471)-Kiremitciyan,A (2307) Veliko Gradiste 2018}) 13... Nxd4 14. Bxd4 e5 15. fxe5 dxe5 16. Be3 Be6 17. Qf3 b5 18. Nd5 Nd7 19. Qf2 a6 20. Rad1 b4 21. Bd2 Bf8 22. Be3 Qb5 23. Qe2 Qxe2 24. Rxe2 Kg7 25. Ba4 Red8 26. Red2 Nc5 27. Bxc5 Bxc5+ 28. Kg2 a5 29. Kf3 h6 30. Nc7 Bxg4+ 31. hxg4 Rxd2 32. Rxd2 Rxc7 33. Rd5 Bd4 34. Rxa5 Bxb2 35. Rd5 $17 Kf6 36. Rd6+ Ke7 37. Rd5 Bd4 38. Rb5 Bc3 39. Rd5 Bd4 40. Rb5 Bc5 41. Rb8 Kf6 42. Rh8 Kg5 43. Bb3 Bd4 44. Rf8 f6 45. Kg2 Rc3 46. Rb8 $2 (46. Rg8) 46... Re3 47. Rxb4 Rxe4 48. Be6 Re2+ 49. Kf3 Rxc2 50. a4 f5 51. gxf5 gxf5 52. Rb1 e4+ 53. Kg3 Be5+ 54. Kh3 Rh2# 0-1

[Event "10th Sharjah Cup Women 2020"]
[Site "Sharjah"]
[Date "2020.01.07"]
[Round "4.19"]
[White "Al-Hammadi, Maryam Hussein"]
[Black "Kyrkjebo, Hanna B."]
[Result "0-1"]
[ECO "C77"]
[WhiteElo "1387"]
[BlackElo "1963"]
[Annotator "NA"]
[PlyCount "94"]
[EventDate "2020.01.04"]
[EventType "swiss"]
[EventCountry "UAE"]
[SourceTitle "playchess.com"]
[Source "ChessBase"]
[SourceQuality "1"]
[TimeControl "5400+30"]

1. e4 e5 2. Nf3 Nc6 3. Bb5 a6 4. Ba4 Nf6 5. Qe2 b5 6. Bb3 Bc5 7. a4 Rb8 8. axb5 axb5 9. d3 {[%emt 0:02:37] C77: Ruy Lopez: 3...a6 4 Ba4 Nf6, unusual lines} h6 (9... d6 10. Be3 Bxe3 11. fxe3 Ne7 12. O-O Ng6 13. Nc3 Be6 14. Bxe6 fxe6 15. b4 O-O 16. Ra6 Qc8 17. Rfa1 c5 18. Rxd6 cxb4 19. Nd1 Qc5 20. Rda6 Rbc8 21. R6a2 Ne7 22. Nf2 {½-½ (22) Shyam,S (2532)-Sasikiran,K (2661) Sitges 2016}) 10. Be3 Bb6 11. c3 d6 12. Nbd2 O-O 13. O-O Bg4 14. h3 Bd7 $146 ({Predecessor:} 14... Bh5 15. Rfe1 Bg6 16. Nf1 Nh5 {0-1 (49) Amin,B (2166)-Jenni,F (2461) Biel 2001}) 15. Rfd1 Re8 16. Nf1 b4 17. c4 Bxe3 18. Nxe3 Ne7 19. Kh2 Ng6 20. g3 Qc8 21. Ng1 c6 22. Rf1 Ra8 23. Qd2 Rxa1 24. Rxa1 Qb7 25. Ne2 Ne7 $11 26. f4 exf4 27. Nxf4 c5 28. Qd1 Ra8 29. Ba4 Qa7 30. b3 Qb8 31. Bxd7 Nxd7 32. Nfd5 Nxd5 33. Nxd5 Ne5 34. Rxa8 Qxa8 35. Qb1 Qa3 36. Kg2 Nc6 37. Qd1 Nd4 38. Qg4 Qb2+ 39. Kf1 Qc1+ 40. Kf2 Qd2+ 41. Kf1 Qxd3+ 42. Kf2 Qd2+ 43. Kf1 Ne6 44. Nc7 Qg5 45. Qxg5 Nxg5 46. e5 dxe5 47. h4 Ne4 0-1

[Event "10th Sharjah Cup Women 2020"]
[Site "Sharjah"]
[Date "2020.01.07"]
[Round "4.20"]
[White "Shanya, Mishra"]
[Black "Aysha Nasser H Alshamsi"]
[Result "1-0"]
[ECO "E06"]
[WhiteElo "1907"]
[BlackElo "1303"]
[Annotator "NA"]
[PlyCount "81"]
[EventDate "2020.01.04"]
[EventType "swiss"]
[EventCountry "UAE"]
[SourceTitle "playchess.com"]
[Source "ChessBase"]
[SourceQuality "1"]
[TimeControl "5400+30"]

1. d4 Nf6 2. c4 e6 3. g3 d5 4. Bg2 Be7 5. Nf3 O-O 6. O-O dxc4 7. Nbd2 Nc6 {[%emt 0:13:56] E05: Open Catalan: 5 Nf3 Be7} ({Black should try} 7... b5 $1 $15) 8. Nxc4 a5 $146 ({Predecessor:} 8... Rb8 9. a3 b5 10. Nfe5 Nxe5 11. Nxe5 Bb7 12. Bxb7 Rxb7 13. Nc6 Qd7 14. Qc2 Rb6 15. Nxe7+ Qxe7 {1-0 (53) Gulko,B (2533)-Zatonskih,A (2473) Rockville 2013}) 9. Bf4 Nd5 10. Bc1 (10. Bd2 $14) 10... b5 11. Ne3 Bb7 12. Nxd5 exd5 13. Bf4 Bf6 14. Rc1 h6 15. h4 Be7 16. a3 Bd6 17. Ne5 Nxe5 18. dxe5 Be7 19. e6 c5 $1 20. exf7+ Rxf7 21. Qb3 b4 (21... Qd7 $1 $15 {keeps the upper hand.}) 22. Rfd1 a4 23. Qc2 b3 24. Qd2 (24. Qg6 $14) 24... Rf5 (24... Qe8 $1 $11 {remains equal.}) 25. Bh3 Rf6 (25... Rf8 $11) 26. Be5 Rb6 27. Qf4 $14 (27. e3 $16) 27... Qf8 28. Bf5 g6 29. Bd7 Qxf4 30. gxf4 Kh7 31. h5 g5 32. Bf5+ Kg8 33. fxg5 hxg5 34. f4 gxf4 35. Kh2 Rf8 36. Rg1+ Kf7 37. Bg6+ Ke6 38. Bg7 Rg8 39. h6 Bf6 40. Bh7 Rc8 41. Bxf6 1-0

[Event "10th Sharjah Cup Women 2020"]
[Site "Sharjah"]
[Date "2020.01.07"]
[Round "4.21"]
[White "Khalil, Hanan"]
[Black "Kyrkjebo, Marte B."]
[Result "0-1"]
[ECO "C77"]
[WhiteElo "1360"]
[BlackElo "1880"]
[Annotator "NA"]
[PlyCount "70"]
[EventDate "2020.01.04"]
[EventType "swiss"]
[EventCountry "UAE"]
[SourceTitle "playchess.com"]
[Source "ChessBase"]
[SourceQuality "1"]
[TimeControl "5400+30"]

1. e4 e5 2. Nf3 Nc6 3. Bb5 a6 4. Ba4 Nf6 5. d3 b5 6. Bb3 Bc5 7. c3 d6 8. O-O h6 9. Nbd2 {[%emt 0:03:09] C78: Ruy Lopez: Archangelsk and Möller Defences} O-O 10. Re1 Bb6 (10... Ne7 11. a4 b4 12. d4 bxc3 13. bxc3 exd4 14. cxd4 Bb4 15. Re3 Ng6 16. h3 a5 {0-1 (65) Zhigalko,S (2638)-Giri,A (2762) Heraklio 2017}) 11. h3 Ne7 12. Nf1 Ng6 13. Ng3 Be6 14. Bc2 Re8 15. a4 d5 16. d4 $146 ({Predecessor:} 16. Qe2 dxe4 17. dxe4 {½-½ (48) Mustaps,M (2267)-Krustkalns,K (2174) Liepaja 2014}) 16... exd4 17. Nxd4 (17. e5 $16 Nd7 18. cxd4) 17... Nxe4 18. Nxe4 ({Don't play} 18. axb5 Nxg3 19. Bxg6 Bxd4 $15) 18... dxe4 19. Bxe4 Bd5 20. Bxd5 Qxd5 21. Rxe8+ Rxe8 22. Be3 $17 Rd8 23. Qg4 Kh7 24. axb5 axb5 25. Qe2 c6 26. Ra6 Rb8 27. Qc2 Kg8 28. Nf5 Bc7 29. Ra7 Be5 30. Bd4 Bxd4 31. Nxd4 Nf4 32. Nf3 Nxh3+ 33. gxh3 Qxf3 34. Kh2 Re8 35. Rc7 Qf4+ 0-1

[Event "10th Sharjah Cup Women 2020"]
[Site "Sharjah"]
[Date "2020.01.07"]
[Round "4.22"]
[White "Al Maamari, Wafia Darwish"]
[Black "alyazia Humaid alhasani"]
[Result "1-0"]
[ECO "C11"]
[WhiteElo "1866"]
[BlackElo "1119"]
[Annotator "NA RC"]
[PlyCount "31"]
[EventDate "2020.01.04"]
[EventType "swiss"]
[EventCountry "UAE"]
[SourceTitle "playchess.com"]
[Source "ChessBase"]
[SourceQuality "1"]
[TimeControl "5400+30"]

1. e4 e6 2. d4 d5 3. Nc3 Nf6 4. e5 Nfd7 5. Nf3 c5 6. Bf4 a6 7. Be2 Nc6 8. dxc5 Bxc5 9. O-O Qc7 10. Re1 O-O ({Don't blunder} 10... Ncxe5 $2 11. Nxe5 O-O 12. Bg4 $18) 11. Bd3 {[%emt 0:01:30] [#]} ({White should try} 11. Na4 $15) 11... Qb6 $2 {[%emt 0:02:53] [#]} (11... f6 $1 $17 {keeps the pressure on.} 12. Be3 Ncxe5 13. Bxc5 Qxc5) 12. Bxh7+ $1 Kxh7 {[%emt 0:04:48] [#]} 13. Ng5+ Kg6 14. Qd3+ f5 15. exf6+ Kxf6 16. Rxe6# 1-0

[Event "10th Sharjah Cup Women 2020"]
[Site "Sharjah"]
[Date "2020.01.07"]
[Round "4.23"]
[White "Mira, Husain Al Hammadi"]
[Black "Greibrokk, Ingrid"]
[Result "0-1"]
[ECO "A03"]
[WhiteElo "1048"]
[BlackElo "1855"]
[Annotator "NA RC"]
[PlyCount "52"]
[EventDate "2020.01.04"]
[EventType "swiss"]
[EventCountry "UAE"]
[SourceTitle "playchess.com"]
[Source "ChessBase"]
[SourceQuality "1"]
[TimeControl "5400+30"]

1. f4 d5 2. Nf3 g6 3. e3 Bg7 4. Be2 e6 (4... b6 5. O-O Bb7 6. Ne5 Nf6 7. d3 Nfd7 8. d4 Nxe5 9. fxe5 O-O 10. Nd2 Nd7 11. Nf3 e6 12. Bd2 {0-1 (56) Adhiban,B (2655)-Li,C (2732) Riadh 2017}) 5. O-O Ne7 6. Qe1 {[%emt 0:01:59] A03: Bird's Opening with 1...d5} O-O 7. g4 $146 ({Predecessor:} 7. d3 c5 8. Nbd2 b5 9. Ne5 Qb6 10. Ndf3 Nbc6 11. Qh4 {1-0 (23) Heymann,U-Elschner,A Halle 1993}) 7... c5 8. h4 (8. d4 $11) 8... Nbc6 9. c3 f5 10. g5 e5 11. Qg3 ({White should play} 11. d4 $15) 11... e4 12. Nh2 Be6 13. d4 exd3 14. Bxd3 d4 15. e4 fxe4 16. Bxe4 Nf5 17. Bxf5 Bxf5 ({Don't take} 17... Rxf5 18. Re1 $19) 18. Ng4 Qd7 19. Nh6+ Bxh6 20. gxh6 Rae8 21. Re1 (21. h5 $142 Bh3 22. Rf3) 21... Rxe1+ 22. Qxe1 Re8 23. Qf2 Bxb1 24. Rxb1 Qg4+ 25. Kh1 Re2 26. Qf1 Qxh4+ {[%emt 0:00:10] Double Attack} 0-1

[Event "10th Sharjah Cup Women 2020"]
[Site "Sharjah"]
[Date "2020.01.07"]
[Round "5.3"]
[White "Li, Xueyi"]
[Black "Sukandar, Irine Kharisma"]
[Result "1/2-1/2"]
[ECO "E04"]
[WhiteElo "2307"]
[BlackElo "2402"]
[Annotator "RC"]
[PlyCount "38"]
[EventDate "2020.01.04"]
[EventType "swiss"]
[EventCountry "UAE"]
[SourceTitle "playchess.com"]
[Source "ChessBase"]
[SourceQuality "1"]
[TimeControl "5400+30"]

1. d4 Nf6 2. c4 e6 3. Nf3 d5 4. g3 dxc4 5. Bg2 Nc6 6. Qa4 Bb4+ 7. Bd2 Nd5 8. Bxb4 Ndxb4 9. O-O Rb8 10. Nc3 a6 11. Ne5 O-O 12. Nxc6 Nxc6 13. Bxc6 bxc6 14. Qxc4 Rxb2 15. Rab1 Rb6 16. Na4 Rb5 17. Nc3 Rb6 18. Na4 Rb5 19. Nc3 Rb6 1/2-1/2

[Event "10th Sharjah Cup Women 2020"]
[Site "Sharjah"]
[Date "2020.01.07"]
[Round "5.4"]
[White "Abdulla, Khayala"]
[Black "Gong, Qianyun"]
[Result "1-0"]
[ECO "B22"]
[WhiteElo "2275"]
[BlackElo "2371"]
[Annotator "ChessBase"]
[PlyCount "47"]
[EventDate "2020.01.04"]
[EventType "swiss"]
[EventCountry "UAE"]
[SourceTitle "playchess.com"]
[Source "ChessBase"]
[SourceQuality "1"]
[TimeControl "5400+30"]

1. e4 c5 2. c3 d5 3. exd5 Qxd5 4. Nf3 g6 5. d4 Bg7 6. Be3 cxd4 7. cxd4 Nh6 8. Qc1 Bg4 9. Bxh6 Bxh6 10. Qxh6 Bxf3 11. gxf3 Nc6 12. Nc3 Qxf3 13. Rg1 Nxd4 14. Be2 Qf5 15. Kf1 Rd8 16. Rd1 e5 17. Qg5 Qh3+ 18. Rg2 O-O 19. Bg4 f6 20. Bxh3 fxg5 21. Rxg5 Nf3 22. Rxd8 Rxd8 23. Rg3 Nd4 24. Re3 1-0

[Event "10th Sharjah Cup Women 2020"]
[Site "Sharjah"]
[Date "2020.01.07"]
[Round "5.18"]
[White "Pujari, Rucha"]
[Black "Mariam, Essa"]
[Result "1-0"]
[ECO "E10"]
[WhiteElo "2187"]
[BlackElo "1560"]
[Annotator "ChessBase"]
[PlyCount "81"]
[EventDate "2020.01.04"]
[EventType "swiss"]
[EventCountry "UAE"]
[SourceTitle "playchess.com"]
[Source "ChessBase"]
[SourceQuality "1"]
[TimeControl "5400+30"]

1. d4 Nf6 2. c4 e6 3. Nf3 c5 4. d5 exd5 5. cxd5 d6 6. Nc3 Be7 7. g3 a6 8. a4 b6 9. Bg2 Bb7 10. O-O O-O 11. Nh4 Qc8 12. e4 Re8 13. Nf5 Bf8 14. Bf4 Qd7 15. Qb3 Qc7 16. Ne3 Nh5 17. Nc4 Nxf4 18. gxf4 Nd7 19. Rfe1 Rab8 20. Rad1 Qd8 21. Qc2 Ba8 22. e5 dxe5 23. Nxe5 Nxe5 24. fxe5 Qg5 25. Re4 Rbd8 26. f4 Qf5 27. Qb3 c4 28. Qxb6 Rb8 29. Qf2 Rec8 30. Kh1 Rb3 31. Re2 Bc5 32. Qh4 Qg6 33. d6 Rcb8 34. Bxa8 Rxa8 35. Rg2 Qe6 36. d7 Be7 37. d8=Q+ Rxd8 38. Rxd8+ Bf8 39. Nd5 Rb7 40. Nf6+ Kh8 41. Rxf8# 1-0

[Event "10th Sharjah Cup Women 2020"]
[Site "Sharjah"]
[Date "2020.01.07"]
[Round "5.19"]
[White "Soyunlu, Narmin"]
[Black "Kanter, Elizaveta"]
[Result "1/2-1/2"]
[ECO "A05"]
[WhiteElo "2020"]
[BlackElo "1411"]
[Annotator "NA RC"]
[PlyCount "63"]
[EventDate "2020.01.04"]
[EventType "swiss"]
[EventCountry "UAE"]
[SourceTitle "playchess.com"]
[Source "ChessBase"]
[SourceQuality "1"]
[TimeControl "5400+30"]

1. Nf3 Nf6 2. g3 g6 3. Bg2 Bg7 4. c4 O-O 5. d4 c5 6. dxc5 {[%emt 0:03:08] E60: King's Indian: Unusual lines and Fianchetto Variation without Nc3} (6. Nc3 d6 7. O-O Nc6 8. dxc5 dxc5 9. Bf4 Nh5 10. Be3 Nd4 11. Qc1 Be6 12. b3 Qa5 13. Bxd4 cxd4 14. Nb5 Rad8 15. Qe1 Qxe1 16. Raxe1 a6 17. Nc7 Bc8 18. Nd5 Rfe8 {½-½ (47) Howell,D (2696)-Jones,G (2682) London 2018}) 6... Ne4 7. O-O Nxc5 8. Nc3 $146 ({Predecessor:} 8. Nbd2 Nc6 9. Rb1 a5 10. b3 d6 11. Bb2 Bf5 12. Bxg7 Kxg7 13. Ra1 Qd7 14. Re1 {0-1 (39) Surinya,T (1972)-Simonyi,Z (2262) Budapest 2008}) 8... Nc6 9. Be3 d6 10. Rc1 Bf5 11. Nd4 Nxd4 12. Bxd4 Bh6 13. Ra1 Qc8 14. Nd5 Re8 15. Bc3 Bg7 16. Bxg7 Kxg7 17. b4 Nd7 18. Qd4+ Kg8 19. Rac1 Ne5 (19... Nb6 $16) 20. c5 Nc6 21. Qh4 dxc5 22. b5 Nd4 23. Nxe7+ Rxe7 24. Qxe7 c4 25. Bxb7 Nxe2+ 26. Kh1 Qe8 27. Qxe8+ $18 Rxe8 28. Rfe1 Be4+ 29. Bxe4 Nxc1 30. Rxc1 Rxe4 31. Kg2 Kf8 32. Rc2 1/2-1/2

[Event "10th Sharjah Cup Women 2020"]
[Site "Sharjah"]
[Date "2020.01.07"]
[Round "5.20"]
[White "Khalil, Reem"]
[Black "Jalaluldeen, Kareen Kamal J."]
[Result "0-1"]
[ECO "C15"]
[WhiteElo "1295"]
[BlackElo "1784"]
[Annotator "NA RC"]
[PlyCount "80"]
[EventDate "2020.01.04"]
[EventType "swiss"]
[EventCountry "UAE"]
[SourceTitle "playchess.com"]
[Source "ChessBase"]
[SourceQuality "1"]
[TimeControl "5400+30"]

1. e4 e6 2. d4 d5 3. Nc3 Bb4 4. Qe2 dxe4 5. Qxe4 Nf6 6. Qd3 Nbd7 7. Nf3 b6 8. a3 Be7 9. Ne5 Nxe5 10. dxe5 Qxd3 11. Bxd3 Nd5 12. Bb5+ Bd7 13. Nxd5 exd5 14. Bxd7+ Kxd7 15. Be3 Rad8 16. O-O-O Kc8 17. Rd3 c5 18. f4 d4 19. Bf2 Rhe8 20. Re1 f6 21. c3 dxc3 22. Rxc3 fxe5 23. Rxe5 Bf6 24. Rxe8 Rxe8 25. Re3 Rd8 26. Re4 Bxb2+ 27. Kxb2 Rd2+ 28. Kc3 Rxf2 29. g4 Kd7 30. h4 Rf3+ 31. Kb2 g6 32. a4 a6 33. Ka2 b5 34. a5 b4 35. Kb2 Kd6 36. Re8 Rxf4 37. Ra8 Kc6 38. Rxa6+ Kb5 39. Ra8 Rxg4 40. a6 Rxh4 0-1

[Event "10th Sharjah Cup Women 2020"]
[Site "Sharjah"]
[Date "2020.01.07"]
[Round "5.21"]
[White "Al-Fayyadh, Zainab Asif Abdulah"]
[Black "Kaushika Sridharan"]
[Result "1-0"]
[ECO "B13"]
[WhiteElo "1646"]
[BlackElo "1205"]
[Annotator "NA"]
[PlyCount "153"]
[EventDate "2020.01.04"]
[EventType "swiss"]
[EventCountry "UAE"]
[SourceTitle "playchess.com"]
[Source "ChessBase"]
[SourceQuality "1"]
[TimeControl "5400+30"]

1. e4 c6 2. d4 d5 3. exd5 cxd5 4. Bd3 Nc6 5. c3 Nf6 6. h3 e6 7. Nf3 Bd6 8. O-O O-O 9. Re1 b6 10. Bg5 Bb7 11. Nbd2 h6 12. Bh4 Re8 13. Ne5 Be7 14. Bb5 Rc8 15. Qa4 Qc7 16. Bg3 Bd6 17. Ndf3 Rf8 18. Bd3 Bxe5 19. Nxe5 Qd8 20. Qd1 Nd7 21. Nxd7 Qxd7 22. Qg4 Qe7 23. Bh4 g5 24. Bg3 Qf6 25. h4 Kh8 26. f4 gxf4 27. Qxf4 Qxf4 28. Bxf4 Kg7 29. Rf1 Rh8 30. Bb5 Kf8 31. Bd6+ Ke8 32. Rf6 Rd8 33. Bf4 h5 34. Rf1 Rd7 35. Be2 a6 36. Bh6 Re7 37. Bxh5 Rh7 38. g4 Na5 39. b3 Bc6 40. Bf4 Bb5 41. Re1 Kd7 42. Bg5 Bd3 43. Rf3 Be4 44. Rf4 Re8 45. Rxf7+ Rxf7 46. Bxf7 Rf8 47. Rf1 Rc8 48. Bd2 Bd3 49. Re1 Be4 50. Rf1 Ke7 51. g5 Rh8 52. h5 Nc6 53. h6 Nd8 54. Bh5 Bf5 55. Kg2 Nf7 56. Kg3 b5 57. Bg4 Bg6 58. Rf6 Rg8 59. Rxe6+ Kf8 60. Rxa6 Be4 61. Ra8+ Nd8 62. Rxd8+ Kf7 63. Be6+ Kxe6 64. Rxg8 Kf7 65. Rb8 Kg6 66. Rxb5 Kf7 67. a4 Ke7 68. h7 Bxh7 69. Rb7+ Kd6 70. Rxh7 Ke6 71. a5 Kd6 72. g6 Ke6 73. a6 Kf6 74. g7 Kf7 75. a7 Kg8 76. a8=Q+ Kxh7 77. g8=Q# 1-0

[Event "10th Sharjah Cup Women 2020"]
[Site "Sharjah"]
[Date "2020.01.07"]
[Round "5.22"]
[White "Aisha Mohamed Al Muaini"]
[Black "Al Ghafri, Wafia"]
[Result "0-1"]
[ECO "B10"]
[WhiteElo "1195"]
[BlackElo "1609"]
[Annotator "NA RC"]
[PlyCount "68"]
[EventDate "2020.01.04"]
[EventType "swiss"]
[EventCountry "UAE"]
[SourceTitle "playchess.com"]
[Source "ChessBase"]
[SourceQuality "1"]
[TimeControl "5400+30"]

1. e4 c6 2. d3 d5 3. Nd2 e5 4. Ngf3 Bd6 5. Be2 Nf6 6. O-O O-O 7. b3 Be6 8. Bb2 Nbd7 9. c4 d4 10. Ng5 Nc5 11. b4 Na6 12. Nxe6 fxe6 13. c5 Be7 14. Qb3 Nc7 15. Nc4 Nd7 16. Bg4 Rf6 17. f4 Rg6 18. Bh3 Bf6 19. f5 exf5 20. Nxe5+ Nd5 21. Nxg6 hxg6 22. exd5 cxd5 23. Qxd5+ Kh7 24. Bxd4 Bxd4+ 25. Qxd4 Nf6 26. Qxd8 Rxd8 27. Rad1 Nd5 28. Rfe1 Nxb4 29. Re7 Nxa2 30. Rxb7 Nc3 31. Ra1 Rxd3 32. Raxa7 Ne4 33. Rxg7+ Kh6 34. c6 Rd1# 0-1

[Event "10th Sharjah Cup Women 2020"]
[Site "Sharjah"]
[Date "2020.01.07"]
[Round "5.23"]
[White "Yasmin, Ali"]
[Black "Tower, Nora"]
[Result "1-0"]
[ECO "D36"]
[WhiteElo "1527"]
[BlackElo "1203"]
[Annotator "NA RC"]
[PlyCount "91"]
[EventDate "2020.01.04"]
[EventType "swiss"]
[EventCountry "UAE"]
[SourceTitle "playchess.com"]
[Source "ChessBase"]
[SourceQuality "1"]
[TimeControl "5400+30"]

1. d4 d5 2. c4 c6 3. Nc3 e6 4. cxd5 exd5 5. Qc2 Nf6 6. Bg5 Be7 7. e3 O-O 8. Bd3 h6 9. h4 Re8 10. Bf4 Nbd7 11. Nf3 Nf8 12. Kf1 Be6 13. Ne5 Bd6 14. Ne2 Rc8 15. Rc1 Bxe5 16. Bxe5 N6d7 17. Bd6 Qf6 18. Ng3 g6 19. Bf4 Kg7 20. Qd2 c5 21. Kg1 cxd4 22. Rxc8 Rxc8 23. exd4 h5 24. Bb1 Rc4 25. Ne2 Bf5 26. Bg5 Qb6 27. Bxf5 gxf5 28. Rh3 Ne6 29. Rg3 Nxg5 30. Rxg5+ Kf8 31. Rxh5 Qe6 32. Rh6 Qe4 33. Rh8+ Ke7 34. f3 Qc2 35. Qe3+ Kd6 36. Qf4+ Kc6 37. Rc8+ Kb5 38. Nc3+ Kb4 39. Qd6+ Ka5 40. Qa3+ Kb6 41. Nxd5+ Kb5 42. Nc3+ Kb6 43. Nd5+ Kb5 44. Nc3+ Kb6 45. Qd6+ Ka5 46. Rxc4 1-0

[Event "10th Sharjah Cup Women 2020"]
[Site "Sharjah"]
[Date "2020.01.08"]
[Round "6.15"]
[White "Al Ali, Aisha Saif"]
[Black "Soyunlu, Narmin"]
[Result "0-1"]
[ECO "C00"]
[WhiteElo "1499"]
[BlackElo "2020"]
[Annotator "NA RC"]
[PlyCount "58"]
[EventDate "2020.01.04"]
[EventType "swiss"]
[EventCountry "UAE"]
[SourceTitle "playchess.com"]
[Source "ChessBase"]
[SourceQuality "1"]
[TimeControl "5400+30"]

1. e4 e6 2. d4 d5 3. Bd3 c5 4. exd5 exd5 5. Nf3 c4 (5... Nf6 6. O-O c4 7. Re1+ Be7 8. Be2 O-O 9. b3 cxb3 10. axb3 Nc6 11. c3 Re8 12. Nbd2 Bd6 13. Bd3 Bg4 14. Rxe8+ Qxe8 {0-1 (52) Fontaine,R (2563)-Carlsen,M (2834) chess.com INT 2018}) 6. Be2 {[%emt 0:00:14] C01: French: Exchange Variation} Nf6 7. b3 cxb3 8. axb3 Nc6 9. O-O Bd6 10. Re1 $146 ({Predecessor:} 10. c4 h6 11. Nc3 O-O 12. cxd5 Ne7 13. Ne5 Nexd5 14. Nxd5 Nxd5 {1-0 (62) Anurag,M (2490)-Saravana,K (2304) Majitar 2019}) 10... O-O 11. c4 Bg4 12. c5 Bc7 13. h3 Bf5 14. Bd3 Ne4 15. Ng5 (15. Bb2 $11 {remains equal.}) 15... Nxd4 16. Bxe4 dxe4 17. Nxe4 Bxe4 18. Rxe4 Re8 (18... Ne6 $17 19. Qxd8 Rfxd8) 19. Nc3 ({Don't blunder} 19. Rxd4 $2 {[#]} Qxd4 $1 {[%mdl 576] Double Attack} 20. Qf1 Qxa1 $19) 19... Rxe4 20. Nxe4 Be5 21. Bb2 Qd5 $1 22. Bxd4 Bxd4 23. Qf3 Qe5 (23... Bxa1 $2 {[#] too greedy.} 24. Nf6+ $1 {[%mdl 576] Discovered Attack} gxf6 25. Qxd5 $18) 24. Re1 $2 (24. Rd1 $11) 24... f5 25. Ng5 Qxe1+ 26. Kh2 Qe5+ 27. g3 h6 28. Qxb7 Rf8 29. Nf3 Qxc5 $19 0-1

[Event "10th Sharjah Cup Women 2020"]
[Site "Sharjah"]
[Date "2020.01.08"]
[Round "6.16"]
[White "Samaganova, Alexandra"]
[Black "Rayan, Mohammad Ali Hassan"]
[Result "1-0"]
[ECO "A18"]
[WhiteElo "2008"]
[BlackElo "1473"]
[Annotator "NA RC"]
[PlyCount "107"]
[EventDate "2020.01.04"]
[EventType "swiss"]
[EventCountry "UAE"]
[SourceTitle "playchess.com"]
[Source "ChessBase"]
[SourceQuality "1"]
[TimeControl "5400+30"]

1. c4 e6 2. Nc3 Nf6 3. e4 d5 4. e5 Ne4 5. Qc2 (5. Nf3 Nc6 6. d4 Bb4 7. Qc2 f6 8. exf6 Qxf6 9. Be3 Qg6 10. O-O-O Nxc3 11. bxc3 Ba3+ 12. Kb1 Qxc2+ 13. Kxc2 Bd6 14. c5 {1-0 (47) Zwardon,V (2471)-Murdzia,P (2425) Czech Republic 2019}) 5... Nxc3 6. dxc3 {[%emt 0:04:13] A18: English Opening: Flohr-Mikenas System (1 c4 Nf6 2 Nc3 e6 3 e4)} Nc6 7. Nf3 d4 8. a3 $146 ({Predecessor:} 8. Bd2 dxc3 9. Bxc3 Nb4 10. Qe2 a5 11. a3 Nc6 12. Rd1 Bd7 {1-0 (40) Piskunov,A (2314)-Burmakin,E (2253) Krasnoyarsk 2013}) 8... a5 9. b3 ({White should try} 9. Bd2 $16) 9... dxc3 10. Qxc3 Bc5 11. Bb2 O-O 12. Bd3 b6 13. Be4 (13. Qc2 $16) 13... Bb7 14. O-O Qe7 15. Ne1 {[%emt 0:08:09] [#]} (15. Bc1 $11) 15... Nd4 $1 16. Bd3 Qg5 17. Kh1 Qxe5 $2 {[%emt 0:06:52] [#]} (17... Rfd8 $17 {stays on course.} 18. Rd1 Qh6) 18. b4 $1 axb4 19. axb4 Rxa1 20. Bxa1 Be7 21. Qxd4 Qxd4 22. Bxd4 Bxb4 23. Nc2 Bd6 24. f3 Rd8 25. Be2 h6 26. g3 f6 27. Kg2 e5 28. Be3 Be7 29. Rd1 Rxd1 30. Bxd1 e4 (30... Kf7 $16 31. Bd2 f5) 31. Bf4 Bd6 32. Bxd6 cxd6 33. Nb4 Kf7 34. fxe4 Bxe4+ 35. Bf3 Bxf3+ (35... Bg6 $142 36. Nd5 Ke6) 36. Kxf3 Ke6 37. Nd5 f5 38. Nxb6 g5 39. Nd5 Ke5 40. Ke3 h5 41. h4 gxh4 42. gxh4 f4+ 43. Nxf4 Kf5 44. Nxh5 Kg4 45. Nf6+ Kxh4 46. Ne8 Kg5 47. Nxd6 Kf6 48. Kd4 Ke6 49. Kc5 Kd7 50. Nb5 Kc8 51. Kc6 Kb8 52. Nd6 Ka7 53. c5 Kb8 54. Kd7 1-0